 Dungeon Sprint DCSS version 0.26-a0-649-gf8c6c3aab7 (webtiles) character file.

Game seed: 7885092004413666550

1516 sahdkjhfkaj the Prestidigitator (level 8, -6/61 HPs)
             Began as an Octopode Conjurer on Sept 27, 2020.
             Was an Initiate of Gozag.
             Shot with an arrow by a centaur warrior (29 damage)
             ... in the Dungeon (Sprint IX: "|||||||||||||||||||||||||||||").
             The game lasted 00:02:56 (472 turns).

sahdkjhfkaj the Prestidigitator (Octopode Conjurer)  Turns: 472, Time: 00:02:57

Health: -6/61      AC:  1    Str:  9    XL:     8   Next: 83%
Magic:  4/20       EV: 18    Int: 23    God:    Gozag
Gold:   522        SH:  0    Dex: 10    Spells: 20/23 levels left

rFire    . . .     SeeInvis .     - Unarmed
rCold    . . .     Faith    .   (no shield)
rNeg     . . .     Spirit   .   (helmet restricted)
rPois    .         Reflect  .   (no amulet)
rElec    .         Harm     .   j - +3 ring of strength
rCorr    .         Rampage  .   k - +2 ring of evasion
MR       .....     NoTele   +   (no ring)
Stlth    +++.......             (no ring)
HPRegen  0.20/turn              (no ring)
MPRegen  0.17/turn              (no ring)
                                (no ring)
                                (no ring)

@: gold aura
A: almost no armour, stealthy swim, amphibious, 8 rings, constrict 8, camouflage
1, gelatinous body 1
a: Potion Petition, Call Merchant, Bribe Branch, Renounce Religion


You were in the Dungeon.
You worshipped Gozag.
Gozag was pleased with you.
You visited 1 branch You collected 522 gold pieces.

Inventory:

Jewellery
 j - a +3 ring of strength (left tentacle)
 k - a +2 ring of evasion (right tentacle)
Wands
 i - a wand of iceblast (10)
Scrolls
 f - 3 scrolls of remove curse
 g - 2 scrolls of blinking
 h - 2 scrolls of amnesia
Potions
 a - a potion of invisibility
 b - 5 potions of curing
 c - 3 potions of heal wounds
 d - a potion of haste
 e - 4 potions of magic


   Skills:
 - Level 8.0 Fighting
 - Level 8.0 Dodging
 - Level 2.6 Stealth
 - Level 8.0 Unarmed Combat
 - Level 8.0 Spellcasting
 - Level 8.0 Conjurations
 + Level 8.9 Evocations


You had 20 spell levels left.
You knew the following spells:

 Your Spells              Type           Power        Failure   Level
a - Magic Dart            Conj           ####         1%          1
b - Searing Ray           Conj           #####.       1%          2

Your spell library contained the following spells:

 Spells                   Type           Power        Failure   Level
 Dazzling Flash           Conj/Hex       ####..       4%          3
 Fulminant Prism          Conj/Hex       ####......   13%         4
 Iskenderun's Mystic Bla  Conj/Tloc      ####....     13%         4


Dungeon Overview and Level Annotations

Branches:
Dungeon (1/1)

Altars:
Cheibriados
Dithmenos
Elyvilon
Fedhas
Gozag
Hepliaklqana
Kikubaaqudgha
Makhleb
Nemelex Xobeh
Okawaru
Qazlal
Ru
Sif Muna
Trog
Uskayaw
Vehumet
Wu Jian
Xom
Yredelemnul
Zin
The Shining One
Beogh
Jiyva
Lugonu


Innate Abilities, Weirdness & Mutations

You cannot wear most types of armour.
You are very stealthy in the water. (Stealth+)
You are amphibious.
You can wear up to eight rings at the same time.
You can use your tentacles to constrict eight enemies at once.
Your skin changes colour to match your surroundings (Stealth+).
Your rubbery body absorbs attacks. (AC +1, EV +1)


Message History

You finish channeling your searing ray.
The centaur warrior shoots an arrow.
The arrow hits you!
Unknown command.
Unknown command.
Unknown command.
Casting: Searing Ray (safe; 1% risk of failure)
Confirm with . or Enter, or press ? or * to list all spells.
Aiming: Searing Ray (safe; 1% risk of failure)
Press: ? - help, Shift-Dir - straight line, f - centaur warrior
Aim: a centaur warrior, wielding a +0 shortbow and quivering 16 arrows (heavily wounded)
The searing ray hits the centaur warrior.
The centaur warrior is severely wounded. (Press . to maintain the ray.)
The centaur warrior shoots an arrow.
The arrow misses you.
The centaur warrior shoots an arrow.
The arrow hits you!
The searing ray hits the centaur warrior!
The centaur warrior is severely wounded.
The centaur warrior shoots an arrow.
The arrow hits you!!
You die...
Your body crumbles into a pile of gold. ▓▓▓▓▓▓▓▓▓▓▓▓▓▓▓▓▓▓▓▓▓▓▓▓ ..).[[[..'..(...@$$c$..+ ▓▓▓▓▓▓▓▓▓▓▓▓▓▓▓▓▓▓▓▓▓▓▓▓ $ $ $$$$ $ $ $ $$$$$

You could see a centaur warrior.

Vanquished Creatures
  A two-headed ogre (D)
  A shadow (D)
  2 yaks (D)
  A sky beast (D)
  An eye of draining (D)
  A centaur (D)
  A phantom (D)
  A bullfrog (D)
  A worker ant (D)
  An ufetubus (D)
  A leopard gecko (D)
  An orc (D)
  A bat zombie (D)
  A giant cockroach (D)
  2 goblins (D)
  A kobold (D)
  A bat (D)
  A leopard gecko skeleton (D)
  A quokka zombie (D)
21 creatures vanquished.

Notes
Turn   | Place    | Note
-------+----------+-------------------------------------------
     0 | D        | sahdkjhfkaj the Octopode Conjurer began the quest for the
                  | Orb.
     0 | D        | Reached XP level 1. HP: 11/11 MP: 3/3
     5 | D        | Reached skill level 1 in Fighting
    13 | D        | Reached skill level 1 in Unarmed Combat
    80 | D        | Noticed a centaur
    80 | D        | Noticed a sky beast
    82 | D        | Reached XP level 2. HP: 19/19 MP: 1/5
    94 | D        | Killed a centaur
    94 | D        | Reached XP level 3. HP: 15/27 MP: 0/8
    94 | D        | Reached XP level 4. HP: 19/34 MP: 0/10
    97 | D        | Killed a sky beast
    97 | D        | Reached skill level 5 in Fighting
    97 | D        | Reached skill level 5 in Dodging
    97 | D        | Reached skill level 5 in Unarmed Combat
    97 | D        | Reached skill level 5 in Conjurations
    97 | D        | Reached XP level 5. HP: 22/39 MP: 1/11
   286 | D        | Found a roughly hewn altar of Beogh.
   286 | D        | Found a snail-covered altar of Cheibriados.
   286 | D        | Found a shadowy altar of Dithmenos.
   286 | D        | Found a white marble altar of Elyvilon.
   286 | D        | Found a blossoming altar of Fedhas.
   286 | D        | Found an opulent altar of Gozag.
   287 | D        | Found a hazy altar of Hepliaklqana.
   288 | D        | Found a viscous altar of Jiyva.
   289 | D        | Found an ancient bone altar of Kikubaaqudgha.
   290 | D        | Found a corrupted altar of Lugonu.
   291 | D        | Found a burning altar of Makhleb.
   292 | D        | Found a sparkling altar of Nemelex Xobeh.
   293 | D        | Found an iron altar of Okawaru.
   294 | D        | Became a worshipper of Gozag Ym Sagoz the Greedy
   295 | D        | Found a stormy altar of Qazlal.
   296 | D        | Found a sacrificial altar of Ru.
   297 | D        | Found a shimmering blue altar of Sif Muna.
   298 | D        | Found a bloodstained altar of Trog.
   299 | D        | Found a hide-covered altar of Uskayaw.
   300 | D        | Found a radiant altar of Vehumet.
   301 | D        | Found an ornate altar of the Wu Jian Council.
   302 | D        | Found a shimmering altar of Xom.
   303 | D        | Found a basalt altar of Yredelemnul.
   304 | D        | Found a glowing silver altar of Zin.
   305 | D        | Found a glowing golden altar of the Shining One.
   334 | D        | Learned a level 2 spell: Searing Ray
   334 | D        | Noticed a yak
   334 | D        | Noticed a yak
   338 | D        | Reached XP level 6. HP: 34/46 MP: 8/12
   341 | D        | Killed a yak
   344 | D        | Killed a yak
   344 | D        | Reached XP level 7. HP: 39/52 MP: 0/16
   461 | D        | Noticed a two-headed ogre
   461 | D        | Noticed a shadow
   461 | D        | Noticed a centaur warrior
   466 | D        | Killed a shadow
   468 | D        | Reached XP level 8. HP: 60/60 MP: 9/17
   469 | D        | Killed a two-headed ogre
   472 | D        | Shot with an arrow by a centaur warrior

Illustrated notes

Levels and vault maps discovered:
D:        linesprint [early_d, line_temple, items_1, d_10, items_2, lair_1,
          lair_end, items_3, orc_1, orc_end, items_4, d_15, swamp_1, shoals_1,
          snake_1, spider_1, d_20, vaults_1, items_5, swamp_end, shoals_end,
          snake_end, spider_end, vaults_end, d_27, items_6, zot_1, zot_end,
          crypt_end, forest_end, elf_end, slime_end, tomb_end, abyss_end,
          pan_hell_end]

Skill      XL: |  1  2  3  4  5  6  7  8 |
---------------+-------------------------+-----
Fighting       | 2 4 5 6 7 8 |  8.0
Unarmed Combat | 2 4 5 6 7 8 |  8.0
Dodging        | 4 5 6 7 8 |  8.0
Spellcasting   | 4 6 8 |  8.0
Conjurations   | 5 6 7 8 |  8.0
Evocations     | 2 8 |  8.9
Stealth        | |  2.6

Action                   |  1- 3 |  4- 6 |  7- 9 || total
-------------------------+-------+-------+-------++-------
Melee: Unarmed           |    22 |     6 |       ||    28
       Constrict         |     3 |     1 |       ||     4
       Tentacles         |     2 |       |       ||     2
 Cast: Magic Dart        |     7 |       |       ||     7
       Searing Ray       |       |     2 |     4 ||     6
  Use: Potion            |     1 |       |       ||     1
Armor: Skin              |     3 |       |       ||     3
Dodge: Dodged            |    13 |     6 |     1 ||    20

Table legend: (Time is in decaauts)
 A = Elapsed time spent in this place.
 B = Non-inter-level travel time spent in this place.
 C = Inter-level travel time spent in this place.
 D = Time resting spent in this place.
 E = Time spent auto-exploring this place.
 F = Levels seen in this place.
 G = Mean time per level.
                   A        B        C        D        E       F      G
               +--------+--------+--------+--------+--------+-----+--------+
         Total |    477 |    477 |      0 |    337 |     34 |   1 |  477.0 |
       Dungeon |    477 |    477 |      0 |    337 |     34 |   1 |  477.0 |
               +--------+--------+--------+--------+--------+-----+--------+

Top non-repeatable levels by time:
       D: 477 daAuts
